 Dungeon Crawl Stone Soup version 0.21-a0-215-g0631661 (webtiles) character file.

1239 Leszczynek the Grappler (level 8, -6/118 HPs)
             Began as a Troll Skald on Aug 22, 2017.
             Was a Follower of Zin.
             Mangled by a hornet (7 damage)
             ... while paralysed by a hornet
             ... on level 8 of the Dungeon.
             The game lasted 00:07:26 (1390 turns).

Leszczynek the Grappler (Troll Skald)               Turns: 1390, Time: 00:07:27

Health: -6/118     AC:  5    Str: 25    XL:     8   Next: 25%
Magic:  8/8        EV:  1    Int: 11    God:    Zin [*.....]
Gold:   64         SH:  0    Dex:  9    Spells: 6/9 levels left

rFire    . . .     SeeInvis .     - Unarmed
rCold    . . .     Gourm    +   (no shield)
rNeg     . . .     Faith    .   a - +0 robe
rPois    .         Spirit   .   (helmet restricted)
rElec    .         Reflect  .   (no cloak)
rCorr    .         Harm     .   (gloves unavailable)
MR       .....                  (boots unavailable)
Stlth    ..........             (no amulet)
HPRegen  0.69/turn              (no ring)
MPRegen  0.11/turn              (no ring)

@: paralysed, berserking, lethally poisoned (-6 -> -8), slowed
A: unfitting armour, claws 3, fast metabolism 3, gourmand, regeneration 1,
shaggy fur 1, tough skin 2
a: Recite, Donate Gold, Renounce Religion


You were on level 8 of the Dungeon.
You worshipped Zin.
Zin was aware of your devotion.
You were not hungry.

You visited 1 branch of the dungeon, and saw 8 of its levels.

You collected 131 gold pieces.
You spent 60 gold pieces at shops.
You donated 7 gold pieces to Zin.

Inventory:

Hand Weapons
 h - a +0 blowgun
Armour
 a - a +0 robe (worn)
Wands
 g - a wand of enslavement (18/24)
Scrolls
 i - 2 scrolls of identify {unknown}
 k - a scroll of fear {unknown}
 m - a scroll of enchant armour {unknown}
 n - a scroll of noise {unknown}
 o - 2 scrolls of remove curse {unknown}
 p - a scroll of magic mapping {unknown}
 r - a scroll of blinking {unknown}
Potions
 c - a potion of heal wounds {unknown}
 e - a potion of resistance {unknown}
 f - a potion of haste {unknown}
 j - 3 potions of lignification {unknown}
 l - a potion of agility {unknown}
 s - a potion of invisibility {unknown}
 t - a potion of mutation {unknown}
Books
 b - a book of Battle

   Spells                             Type                      Level
   a - Infusion                       Charms                       1
   b - Shroud of Golubria             Charms/Translocation         2
   c - Song of Slaying                Charms                       2
   d - Spectral Weapon                Hexes/Charms                 3
   e - Regeneration                   Charms/Necromancy            3
Comestibles
 d - 5 bread rations


   Skills:
 + Level 4.5 Fighting
 + Level 2.5 Dodging
 * Level 8.4 Unarmed Combat
 - Level 1.2 Spellcasting
 - Level 2.0 Charms


You had 6 spell levels left.
You knew the following spells:

 Your Spells              Type           Power        Failure   Level  Hunger
a - Infusion              Chrm           #...         14%         1    ##.....
b - Shroud of Golubria    Chrm/Tloc      #.........   32%         2    ###....


Dungeon Overview and Level Annotations

Branches:
Dungeon (8/15)             Temple (0/1) D:7
   Lair: D:8-11

Altars:
Cheibriados
Wu Jian
Zin

Shops:
D:4 *

Annotations:
D:4 Menkaure


Innate Abilities, Weirdness & Mutations

You are too large for most types of armour.
You have claws for hands.
Your metabolism is lightning-fast.
You like to eat raw meat.
Your natural rate of healing is unusually fast.
You are covered in fur. (AC +1)
You have very tough skin. (AC +2)


Message History

You feel as though you will be slow longer.
You barely miss the hornet.
The hornet is heavily wounded.
You feel sick. The hornet stings you.
You feel as though you will be slow longer.
You completely miss the hornet.
The hornet is heavily wounded.
You feel sick. The hornet stings you!
* * * LOW HITPOINT WARNING * * *
You suddenly lose the ability to move!
You feel sick. The hornet stings you.
* * * LOW HITPOINT WARNING * * *
You shrug off the repeated paralysis!
The hornet stings you!
* * * LOW HITPOINT WARNING * * *
You feel as though you will be slow longer.
You feel sick. The hornet barely misses you.
You feel sick. The hornet stings you.
* * * LOW HITPOINT WARNING * * *
You shrug off the repeated paralysis!
The hornet stings you!
You die...

#.....###
#.......#
#######.######..
####..........#
#......########
#......[...##
#.....####..###
#......####.).##
#............@y#
############.....#
#####..... $...
... .# #


You could see a hornet.

Vanquished Creatures
  A hungry ghost (D:7)
  A black bear (D:7)
  2 phantoms
  An ice beast (D:7)
  A necrophage (D:6)
  An ogre (D:6)
  A big kobold (D:7)
  A scorpion (D:7)
  3 killer bees (D:7)
  2 howler monkeys (D:8)
  A crimson imp (D:7)
  2 jellies
  An iguana (D:7)
  2 orc wizards (D:3)
  4 adders
  3 gnolls (D:8)
  A shadow imp (D:5)
  An adder skeleton (D:6)
  3 worms
  3 orcs
  A ball python (D:2)
  2 goblins
  2 hobgoblins (D:1)
  2 bats
  2 frilled lizards
  9 kobolds
  A quokka zombie (D:7)
  A rat (D:1)
55 creatures vanquished.

Notes
Turn   | Place    | Note
-------+----------+-------------------------------------------
     0 | D:1      | Leszczynek the Troll Skald began the quest for the Orb.
     0 | D:1      | Reached XP level 1. HP: 19/19 MP: 1/1
    74 | D:2      | Found an ornate altar of the Wu Jian Council.
   187 | D:3      | Reached XP level 2. HP: 27/27 MP: 2/2
   252 | D:3      | Reached skill level 3 in Unarmed Combat
   264 | D:3      | Reached XP level 3. HP: 23/33 MP: 3/3
   269 | D:3      | Reached skill level 4 in Unarmed Combat
   338 | D:4      | Found Tytule's General Store.
   341 | D:4      | Reached XP level 4. HP: 28/41 MP: 4/4
   345 | D:4      | Learned a level 2 spell: Shroud of Golubria
   419 | D:4      | Noticed Menkaure
   440 | D:4      | Bought a potion of berserk rage for 60 gold pieces
   609 | D:5      | Entered Level 5 of the Dungeon
   618 | D:5      | Found a snail-covered altar of Cheibriados.
   631 | D:5      | no thanks, i've had enough of this piece of shit
   705 | D:6      | Noticed a phantom
   724 | D:6      | Killed a phantom
   724 | D:6      | Reached skill level 5 in Unarmed Combat
   724 | D:6      | Reached XP level 5. HP: 31/48 MP: 3/5
   738 | D:6      | Noticed a necrophage
   746 | D:6      | Killed a necrophage
   746 | D:6      | Reached skill level 6 in Unarmed Combat
   746 | D:6      | Reached XP level 6. HP: 50/55 MP: 6/6
   898 | D:7      | Reached skill level 7 in Unarmed Combat
   949 | D:7      | Found a glowing silver altar of Zin.
   952 | D:7      | zin, the best god, no transmutations allowed
   952 | D:7      | hurr
   952 | D:7      | Became a worshipper of Zin the Law-Giver
   963 | D:7      | Reached XP level 7. HP: 62/62 MP: 7/7
  1018 | D:7      | Reached skill level 8 in Unarmed Combat
  1032 | D:7      | Reached skill level 2 in Fighting
  1073 | D:7      | Reached skill level 3 in Fighting
  1168 | D:7      | Noticed a hungry ghost
  1175 | D:7      | Killed a hungry ghost
  1175 | D:7      | Reached skill level 4 in Fighting
  1219 | D:7      | Reached skill level 2 in Dodging
  1219 | D:7      | Reached XP level 8. HP: 72/79 MP: 8/8
  1229 | D:7      | Found a staircase to the Ecumenical Temple.
  1311 | D:8      | oh right
  1311 | D:8      | can't eat anything either
  1320 | D:8      | Reached * piety under Zin
  1375 | D:8      | Noticed a hornet
  1387 | D:8      | HP: 20/118 [hornet (11)]
  1387 | D:8      | Paralysed by a hornet for 3 turns
  1388 | D:8      | HP: 5/118 [hornet (12)]
  1390 | D:8      | HP: 1/118 [hornet (4)]
  1390 | D:8      | Mangled by a hornet

Vault maps used:
D:1:      onia_arrival_larder, corexii_leaking_fountain,
          okawaru_ov_weapons_minmay
D:2:      mumra_celtic_spiral_tile, overflow_temple_1_default,
          yredelemnul_altar_generic, xom_teletrap_fun, small_statue_intersection
D:3:      lemuel_doored_altar, first_bread
D:4:      serial_shops, shop, uniq_menkaure
D:5:      slow_altar_1, uniq_ijyb
D:7:      overflow_temple_1_default, minmay_temple_entry_butterflies
D:8:      vehumet_statue, marbit_many_paths, overflow_temple_1_default,
          serial_shops, shop

Skill      XL: |  1  2  3  4  5  6  7 |
---------------+----------------------+-----
Unarmed Combat | 3 4 5 6 7 8 |  8.4
Fighting       | 4 |  4.5
Dodging        | 2 |  2.5
Spellcasting   | |  1.2
Charms         | |  2.0

Action                   |  1- 3 |  4- 6 |  7- 9 || total
-------------------------+-------+-------+-------++-------
Melee: Unarmed           |    52 |    54 |    87 ||   193
       Punch             |       |     2 |     2 ||     4
 Cast: Shroud of Golubri |       |     2 |       ||     2
  Use: Potion            |       |       |     1 ||     1
  Eat: Chunk             |     8 |     6 |     2 ||    16
Armor: Robe              |    18 |    12 |    12 ||    42
Dodge: Dodged            |    23 |    16 |    40 ||    79

Table legend:
 A = Spawn XP
 B = Non-spawn XP
 C = Spawn XP percentage of total XP
 D = Spawn monster count
 E = Non-spawn monster count
 F = Spawn count percentage of total count
 G = Total turns spent on level
                    A         B        C        D         E        F      G
               +---------+---------+-------+---------+---------+-------+---------
         Total |     160 |    1610 |   9.0 |       7 |      48 |  12.7 |  1390
               +---------+---------+-------+---------+---------+-------+---------
           D:1 |       0 |       5 |   0.0 |       0 |       3 |   0.0 |    54
           D:2 |       0 |       5 |   0.0 |       0 |       3 |   0.0 |   123
           D:3 |      64 |      13 |  83.1 |       4 |       6 |  40.0 |   181
           D:4 |      13 |      15 |  46.4 |       1 |       2 |  33.3 |   272
           D:5 |      11 |      19 |  36.7 |       1 |       3 |  25.0 |    75
           D:6 |       0 |     382 |   0.0 |       0 |       6 |   0.0 |   120
           D:7 |      72 |     971 |   6.9 |       1 |      18 |   5.3 |   462
           D:8 |       0 |     200 |   0.0 |       0 |       7 |   0.0 |   103
               +---------+---------+-------+---------+---------+-------+---------
